 Dungeon Crawl Stone Soup version 0.29.0-4-gdea44cf6ec (webtiles) character file.

Game seed: 4515248561037296557

25 qw the Caller (level 3, 0/28 HPs)
             Began as a Ghoul Summoner on Sept 10, 2022.
             Slain by a rat (1 damage)
             ... on level 2 of the Dungeon.
             The game lasted 00:00:27 (1391 turns).

qw the Caller (Ghoul Summoner)                      Turns: 1391, Time: 00:00:27

Health: 0/28       AC:  2    Str: 13    XL:     3   Next: 6%
Magic:  0/4        EV: 12    Int: 10    God:
Gold:   26         SH:  0    Dex:  9    Spells: 4/5 levels left

rFire   . . .      SeeInvis .   d - +0 trident
rCold   + . .      Faith    .   (no shield)
rNeg    + + +      Spirit   .   a - +0 robe
rPois   inf        Reflect  .   (no helmet)
rElec   .          Harm     .   (no cloak)
rCorr   .          Rampage  .   (no gloves)
Will    .....                   (no boots)
Stlth   ++........              (no amulet)
HPRegen 0.00/turn               (no ring)
MPRegen 0.09/turn               (no ring)

@: inhibited regen
A: claws 1, cold resistance 1, negative energy resistance 3, inhibited
regeneration, torment resistance 2, devour on kill
a: no special abilities


You were on level 2 of the Dungeon.
You visited 1 branch of the dungeon, and saw 2 of its levels.

You collected 26 gold pieces.


Innate Abilities, Weirdness & Mutations

You are immune to poison.
You have sharp fingernails.
Your flesh is cold resistant. (rC+)
You are immune to negative energy. (rN+++)
You do not regenerate when monsters are visible.
You are immune to unholy pain and torment.
You thrive by killing the living.


   Skills:
 + Level 1.2 Fighting
 - Level 2.0 Axes
 - Level 1.7 Dodging
 - Level 2.1 Stealth
 - Level 1.7 Spellcasting
 - Level 3.6 Summonings


You had 4 spell levels left.
You knew the following spells:

 Your Spells              Type           Power      Damage    Failure   Level
a - Summon Small Mammal   Summ           32%        N/A       8%          1

Your spell library contained the following spells:

 Spells                   Type           Power      Damage    Failure   Level
 Call Imp                 Summ           8%         N/A       11%         2
 Call Canine Familiar     Summ           8%         N/A       22%         3
 Summon Guardian Golem    Hex/Summ       4%         N/A       43%         3
 Summon Lightning Spire   Summ/Air       4%         N/A       83%         4

Inventory:

Hand Weapons
 d - a +0 trident (weapon)
Armour
 a - a +0 robe (worn)
Potions
 c - a potion of brilliance {unknown}
 e - a potion of flight {unknown}
 f - a potion of heal wounds {unknown}

Dungeon Overview and Level Annotations

Branches:
Dungeon (2/15)

Altars:


Message History

Your rat's corpse disappears in a puff of smoke!
The adder completely misses you.
You puncture the goblin!
You kill the goblin!
The adder bites you.
You miss the adder. The adder barely misses you.
The adder completely misses you. The rat barely misses you.
You closely miss the adder. The adder bites you.
The rat bites you but does no damage. The adder bites you.
You hit the adder.
The adder is heavily wounded.
The adder barely misses you. The rat bites you but does no damage.
You closely miss the adder.
The adder is heavily wounded.
The adder barely misses you. The rat bites you. The adder barely misses you.
You closely miss the adder.
The adder is heavily wounded.
The rat barely misses you. The adder barely misses you. The rat bites you.
You miss the adder.
The adder is heavily wounded.
The adder barely misses you. The adder bites you.
The rat bites you but does no damage.
1388 ||| CASTING Summon Small Mammal
Casting: Summon Small Mammal (safe; 8% risk of failure)
Confirm with . or Enter, or press ? or * to list all spells.
The adder bites you but does no damage. The rat bites you.
You barely miss the adder.
The adder is heavily wounded.
Your bat hits the adder. x2; The adder bites you.
The rat barely misses you. The adder bites you but does no damage.
You closely miss the adder.
The adder is severely wounded.
Your bat misses the adder. The adder bites you but does no damage.
The rat bites you but does no damage.
Your bat closely misses the rat.
The adder bites you but does no damage.
You closely miss the adder.
The adder is severely wounded.
Your bat hits the adder. The rat bites you.
You die...

#############
##.#.#@#.#.#.#.#.##
.......Srw.......!.#
.##.#.#b#.#.#.#.#.###
..................#
#.#.#.#.#.#.#.#.#.#
#.!.....r..........#
##.#.#.#.#.#.#.#.#.#
#............%.....#
##.#.#.#.#.#.#.#.#.#


You could see a worm, an adder (ally target), a rat and a friendly bat
(summoned).

Vanquished Creatures
  An adder (D:1)
  A ball python (D:1)
  3 bats
  5 goblins
  A hobgoblin (D:1)
11 creatures vanquished.

Vanquished Creatures (collateral kills)
  A ball python (D:1)
  A frilled lizard (D:1)
  A kobold (D:1)
  2 rats
5 creatures vanquished.

Grand Total: 16 creatures vanquished

Notes
Turn   | Place    | Note
-------+----------+-------------------------------------------
     0 | D:1      | qw the Ghoul Summoner began the quest for the Orb.
     0 | D:1      | Reached XP level 1. HP: 14/14 MP: 2/2
     0 | D:1      | 0 ||| qw: Version: 0.1-a-113-g051387a
     0 | D:1      | 0 ||| qw: Game counter: 7399
     0 | D:1      | 0 ||| qw: Always use a shield: true
     0 | D:1      | 0 ||| qw: God list: Okawaru
     0 | D:1      | 0 ||| qw: Allow faded altars: false
     0 | D:1      | 0 ||| qw: Do Orc after D:15 true
     0 | D:1      | 0 ||| qw: Do second Lair branch before Depths: true
     0 | D:1      | 0 ||| qw: Lair rune preference: random
     0 | D:1      | 0 ||| qw: Plans: Normal
     0 | D:1      | 0 ||| PLANNING D:1-11
    83 | D:1      | 83 ||| CASTING Summon Small Mammal
    84 | D:1      | 84 ||| CASTING Summon Small Mammal
   111 | D:1      | 111 ||| Wielding weapon +0 dagger.
   125 | D:1      | 125 ||| CASTING Summon Small Mammal
   126 | D:1      | 126 ||| CASTING Summon Small Mammal
   138 | D:1      | 138 ||| CASTING Summon Small Mammal
   165 | D:1      | 165 ||| CASTING Summon Small Mammal
   166 | D:1      | 166 ||| CASTING Summon Small Mammal
   192 | D:1      | 192 ||| SWAPPING to +0 trident.
   193 | D:1      | 193 ||| DROPPING +0 dagger.
   206 | D:1      | 206 ||| CASTING Summon Small Mammal
   207 | D:1      | 207 ||| CASTING Summon Small Mammal
   211 | D:1      | Reached skill level 1 in Axes
   239 | D:1      | 239 ||| CASTING Summon Small Mammal
   240 | D:1      | 240 ||| CASTING Summon Small Mammal
   249 | D:1      | 249 ||| CASTING Summon Small Mammal
   259 | D:1      | 259 ||| CASTING Summon Small Mammal
   259 | D:1      | HP: 3/14 [bat (1)]
   265 | D:1      | HP: 2/14 [bat (1)]
   556 | D:1      | 556 ||| CASTING Summon Small Mammal
   557 | D:1      | 557 ||| CASTING Summon Small Mammal
   567 | D:1      | Reached XP level 2. HP: 22/22 MP: 0/3
   616 | D:1      | 616 ||| CASTING Summon Small Mammal
   617 | D:1      | 617 ||| CASTING Summon Small Mammal
   618 | D:1      | 618 ||| CASTING Summon Small Mammal
   628 | D:1      | Reached skill level 1 in Fighting
   628 | D:1      | 628 ||| CASTING Summon Small Mammal
   800 | D:1      | 800 ||| CASTING Summon Small Mammal
   801 | D:1      | 801 ||| CASTING Summon Small Mammal
   802 | D:1      | 802 ||| CASTING Summon Small Mammal
   923 | D:1      | 923 ||| CASTING Summon Small Mammal
   924 | D:1      | 924 ||| CASTING Summon Small Mammal
   925 | D:1      | 925 ||| CASTING Summon Small Mammal
  1098 | D:1      | 1098 ||| CASTING Summon Small Mammal
  1099 | D:1      | 1099 ||| CASTING Summon Small Mammal
  1100 | D:1      | 1100 ||| CASTING Summon Small Mammal
  1111 | D:1      | 1111 ||| CASTING Summon Small Mammal
  1196 | D:1      | 1196 ||| DROPPING potion of magic.
  1217 | D:2      | 1217 ||| CASTING Summon Small Mammal
  1218 | D:2      | 1218 ||| STAIRDANCE
  1231 | D:2      | 1231 ||| CASTING Summon Small Mammal
  1232 | D:2      | 1232 ||| STAIRDANCE
  1234 | D:1      | 1234 ||| CASTING Summon Small Mammal
  1235 | D:1      | 1235 ||| CASTING Summon Small Mammal
  1357 | D:2      | 1357 ||| Stepping ~*~*~tactically~*~*~ (reaching).
  1358 | D:2      | 1358 ||| CASTING Summon Small Mammal
  1359 | D:2      | 1359 ||| Stepping ~*~*~tactically~*~*~ (reaching).
  1360 | D:2      | 1360 ||| CASTING Summon Small Mammal
  1361 | D:2      | 1361 ||| CASTING Summon Small Mammal
  1362 | D:2      | 1362 ||| Stepping ~*~*~tactically~*~*~ (reaching).
  1366 | D:2      | Reached XP level 3. HP: 20/28 MP: 0/4
  1367 | D:2      | 1367 ||| Stepping ~*~*~tactically~*~*~ (reaching).
  1369 | D:2      | 1369 ||| Stepping ~*~*~tactically~*~*~ (reaching).
  1370 | D:2      | 1370 ||| CASTING Summon Small Mammal
  1371 | D:2      | 1371 ||| Stepping ~*~*~tactically~*~*~ (reaching).
  1374 | D:2      | 1374 ||| Stepping ~*~*~tactically~*~*~ (outnumbered).
  1375 | D:2      | 1375 ||| Stepping ~*~*~tactically~*~*~ (outnumbered).
  1377 | D:2      | 1377 ||| Stepping ~*~*~tactically~*~*~ (outnumbered).
  1379 | D:2      | 1379 ||| CASTING Summon Small Mammal
  1383 | D:2      | HP: 7/28 [adder (4)]
  1387 | D:2      | HP: 3/28 [adder (1)]
  1388 | D:2      | 1388 ||| CASTING Summon Small Mammal
  1389 | D:2      | HP: 1/28 [adder (1)]
  1391 | D:2      | Slain by a rat

Levels and vault maps discovered:
D:1:      kilobyte_arrival_exit_the_forest, layout_basic
D:2:      layout_rooms, st_stairs_11

Skill      XL: |  1  2 |
---------------+-------+-----
Axes           | 1 2 |  2.0
Fighting       | 1 |  1.2
Dodging        | |  1.7
Stealth        | |  2.1
Spellcasting   | |  1.7
Summonings     | |  3.6

Action                   || total
-------------------------++-------
Melee: Trident           ||    61
       Unarmed           ||     1
       Punch             ||     1
 Cast: Summon Small Mamm ||    37
Armor: Robe              ||    45
Dodge: Dodged            ||    62

Table legend:
 A = Non-vault XP
 B = Vault XP
 C = Vault XP percentage of total XP
 D = Non-vault monster count
 E = Vault monster count
 F = Vault count percentage of total count
                 A         B        C        D         E       F
            +---------+---------+-------+---------+---------+-------
      Total |      35 |       2 |   5.4 |      15 |       1 |   6.2
            +---------+---------+-------+---------+---------+-------
        D:1 |      33 |       0 |   0.0 |      13 |       0 |   0.0
        D:2 |       2 |       2 |  50.0 |       2 |       1 |  33.3
            +---------+---------+-------+---------+---------+-------
